 Dungeon Crawl Stone Soup version 0.27-a0-1587-g5a1362a (webtiles) character file.

Game seed: 12836434693441323421

82980 Geeful the Lord of Darkness (level 15, -9/119 HPs)
             Began as a Demonspawn Necromancer on July 18, 2021.
             Was the Champion of Kikubaaqudgha.
             Mangled by a deep troll (13 damage)
             ... while paralysed by an ogre mage
             ... on level 2 of the Orcish Mines.
             The game lasted 01:59:52 (34308 turns).

Geeful the Lord of Darkness (DsNe)                 Turns: 34308, Time: 01:59:53

Health: -9/119     AC: 15    Str:  9    XL:     15   Next: 31%
Magic:  3/29       EV:  2    Int: 24    God:    Kikubaaqudgha [******]
Gold:   1605       SH:  0    Dex: 19    Spells: 10/35 levels left

rFire    + . .     SeeInvis .   a - +12 mace of Suicidal Tendencies {venom, rF+ Int+3}
rCold    . . .     Faith    .   (no shield)
rNeg     + + .     Spirit   .   d - +2 robe {rN+}
rPois    +         Reflect  +   E - +2 hat {Stlth+}
rElec    .         Harm     .   z - +2 cloak {rPois}
rCorr    +         Rampage  .   X - +2 pair of gloves
Will     +....                  P - +2 pair of boots {Fly}
Stlth    ++++......             p - amulet of reflection
HPRegen  0.29/turn              R - ring of positive energy
MPRegen  0.21/turn              Y - ring "Vaghur" {+Blink Fly rCorr Dex+4}

@: paralysed, death channeling, flying
A: claws 2, large bone plates 3, demonic magic 1
a: Renounce Religion, Evoke Blink, Receive Corpses, Torment, Brand Weapon With
Pain, Receive Forbidden Knowledge


You were on level 2 of the Orcish Mines.
You worshipped Kikubaaqudgha.
Kikubaaqudgha was exalted by your worship.
You visited 4 branches of the dungeon, and saw 24 of its levels.
You also visited: Ossuary and Bailey.

You collected 1605 gold pieces.

Inventory:

Hand Weapons
 a - the +12 mace of Suicidal Tendencies (weapon) {venom, rF+ Int+3}
   (You found it on level 4 of the Dungeon)

   It poisons the flesh of those it strikes.
   Int:       It affects your intelligence (+3).
   rF:        It protects you from fire.
 y - a +3 scimitar
 F - a +2 scimitar of flaming
Missiles
 g - 94 poisoned darts (quivered)
 m - 3 throwing nets
 Q - 4 curare-tipped darts
 V - 5 datura-tipped darts
Armour
 d - a +2 robe of positive energy (worn)
 e - a +1 pair of boots of rampaging
 z - a +2 cloak of poison resistance (worn)
 E - a +2 hat of stealth (worn)
 G - a +1 kite shield
 P - a +2 pair of boots of flying (worn)
 X - a +2 pair of gloves (worn)
Magical Staves
 b - a staff of death
Jewellery
 p - an amulet of reflection (around neck)
 s - an amulet of magic regeneration
 u - a ring of flight
 K - a ring of resist corrosion
 R - a ring of positive energy (left hand)
 Y - the ring "Vaghur" (right hand) {+Blink Fly rCorr Dex+4}
   (You found it on level 4 of the Lair of Beasts)

   [ring of flight]

   Dex:       It affects your dexterity (+4).
   Fly:       It grants you flight.
   +Blink:    It lets you blink.
   rCorr:     It protects you from acid and corrosion.
Wands
 o - a wand of paralysis (27)
 q - a wand of iceblast (19)
 r - a wand of flame (98)
 t - a wand of digging (7)
 C - a wand of acid (24)
 H - a wand of polymorph (7)
Scrolls
 f - 3 scrolls of vulnerability
 j - 10 scrolls of teleportation
 l - 5 scrolls of enchant armour
 n - 2 scrolls of fear
 v - 2 scrolls of immolation
 w - a scroll of enchant weapon
 x - 6 scrolls of amnesia
 A - 5 scrolls of identify
Potions
 c - 2 potions of resistance
 h - 4 potions of attraction
 i - 5 potions of cancellation
 k - 2 potions of lignification
 I - 5 potions of curing
 J - 3 potions of brilliance
 L - 2 potions of magic
 M - 2 potions of heal wounds
 N - a potion of invisibility
 O - 2 potions of mutation
 W - a potion of haste
 Z - 8 potions of ambrosia
Miscellaneous
 D - a lightning rod (4/4)
 U - a phantom mirror


   Skills:
 + Level 11.4 Fighting
 - Level 3.3 Short Blades
 + Level 8.7 Maces & Flails
 + Level 10.7 Dodging
 - Level 4.0 Stealth
 + Level 10.9 Spellcasting
 * Level 17.2 Necromancy


You had 10 spell levels left.
You knew the following spells:

 Your Spells              Type           Power      Damage    Failure   Level
a - Pain                  Necr           100%       1d9       0%          1
b - Vampiric Draining     Necr           38%        2d11      0%          3
c - Animate Dead          Necr           38%        N/A       1%          4
d - Sublimation of Blood  Necr           38%        N/A       0%          2
e - Agony                 Necr           77%        N/A       1%          5
f - Dispel Undead         Necr           77%        3d25      1%          4
g - Death Channel         Necr           38%        N/A       1%          6

Your spell library contained the following spells:

 Spells                   Type           Power      Damage    Failure   Level
 Animate Skeleton         Necr           100%       N/A       0%          1
 Excruciating Wounds      Necr           38%        N/A       1%          5
 Magic Dart               Conj           52%        1d5       4%          1
 Shock                    Conj/Air       52%        1d6       4%          1
 Summon Small Mammal      Summ           52%        N/A       4%          1
 Blink                    Tloc           N/A        N/A       8%          2
 Searing Ray              Conj           26%        3d4       8%          2
 Slow                     Hex            13%        N/A       8%          2
 Call Canine Familiar     Summ           13%        N/A       14%         3
 Confusing Touch          Hex            13%        N/A       14%         3
 Dazzling Flash           Conj/Hex       26%        N/A       14%         3
 Gell's Gravitas          Tloc           6%         N/A       14%         3
 Ignite Poison            Fire/Tmut/Pois 13%        N/A       14%         3
 Lesser Beckoning         Tloc           6%         N/A       14%         3
 Spider Form              Tmut/Pois      6%         N/A       14%         3
 Summon Guardian Golem    Hex/Summ       13%        N/A       14%         3
 Swiftness                Air            13%        N/A       14%         3
 Simulacrum               Ice/Necr       26%        N/A       22%         6
 Airstrike                Air            6%         N/A       43%         4
 Fulminant Prism          Conj/Hex       6%         3d7       43%         4
 Iskenderun's Mystic Bla  Conj/Tloc      13%        2d5       43%         4
 Manifold Assault         Tloc           13%        N/A       80%         5
 Yara's Violent Unravell  Hex/Tmut       6%         3d5       80%         5
 Starburst                Conj/Fire      6%         8x6d4     100%        6


Dungeon Overview and Level Annotations

Branches:
Dungeon (15/15)            Temple (1/1) D:5            Lair (6/6) D:11
 Shoals (0/4) Lair:3       Spider (0/4) Lair:2        Slime (0/5) Lair:5
    Orc (2/2) D:9             Elf (0/3) Orc:2       Ossuary (visited)
 Bailey (visited)
 Vaults: D:13-14     Depths: D:15

Altars:
Ashenzari
Cheibriados
Dithmenos
Elyvilon
Fedhas
Gozag
Hepliaklqana
Kikubaaqudgha
Makhleb
Nemelex Xobeh
Okawaru
Qazlal
Ru
Sif Muna
Trog
Uskayaw
Vehumet
Wu Jian
Xom
Yredelemnul
Zin
The Shining One
Jiyva

Shops:
D:5 *   D:9 (   D:10 (

Annotations:
D:7 2 transporters, lunatic's ghost, novice NaEn
D:8 3 runed translucent doors, exclusion: 2 downstairs, RazingBull's ghost, novice MiBe; yodipie's ghost, novice DsAK
Lair:5 1 runed translucent door


Innate Abilities, Weirdness & Mutations

You have very sharp fingernails.
You are completely covered in large bone plates. (SH +8)
Spells you cast may paralyse adjacent enemies.


Message History

Your spectral ogre is destroyed!
Your spectral ogre hits the ogre!
You hear some strange, mumbled words.
You shrug off the repeated paralysis!
The two-headed ogre hits you with a +0 dire flail.
The two-headed ogre hits you with a +0 giant spiked club!
The cyclops hits your spectral ogre but does no damage.
Your spectral ogre hits the two-headed ogre but does no damage.
Your spectral ogre hits the ogre!
Something hits you.
The two-headed ogre hits you with a +0 dire flail.
The two-headed ogre hits you with a +0 giant spiked club.
Your spectral ogre barely misses the two-headed ogre.
Something hits you! The cyclops hits your spectral ogre!
Your spectral ogre hits the ogre.
Your spectral ogre drains the ogre.
The ogre is no longer paralysed.
The two-headed ogre completely misses you.
The two-headed ogre hits you with a +0 giant spiked club!
You hear some strange, mumbled words.
The ogre seems to speed up.
Your spectral ogre barely misses the two-headed ogre.
The two-headed ogre hits you with a +0 giant spiked club!
* * * LOW HITPOINT WARNING * * *
The two-headed ogre hits you but does no damage.
The cyclops hits your spectral ogre!!
Your spectral ogre is destroyed!
The two-headed ogre hits you but does no damage.
The two-headed ogre hits you with a +0 giant club!
* * * LOW HITPOINT WARNING * * *
The deep troll is no longer paralysed.
Something hits you.
* * * LOW HITPOINT WARNING * * *
The two-headed ogre hits you with a +0 dire flail.
* * * LOW HITPOINT WARNING * * *
The two-headed ogre hits you with a +0 giant spiked club!
* * * LOW HITPOINT WARNING * * *
A two-headed ogre comes into view.
It is wielding a +0 giant club and a +0 dire flail.
Your spectral ogre hits the two-headed ogre!
Your spectral ogre drains the two-headed ogre.
The deep troll bites you!
You die...
Kikubaaqudgha rasps: "You have failed me!
Welcome... death!"

....)<).............#.**
....))................,*
............#.........*****
................##..#*,**,**
...÷÷......#......##*,,,,,,*
#.........#........#**,,,,** ***
#..........#..<....#**,,,,,***,**
##.............OTO#C#...,,,,,,,,*
,#..............@{OO....,,,,,,,**
,#......#.......OOOO....,,,*,,**
,..........#....Z##T#...,,,,,,,*
*#.........#.....#*.#,TO,,,,,,,*
*#..............##,,.,,,,,,∩,,,*
*...............#*,,,*,,,,,,,,,*
,...............#**,***,,,,,,,***
,......##...#...#*,,,**,,,,,,,,,*
,*,,*****,,,,,,****,**,,,,,,,,,,,


You could see 4 two-headed ogres, a deep troll, a cyclops, a troll, 5 ogres and
a friendly spectral ogre.

Vanquished Creatures
  Gastronok (D:9)
  Harold (D:11)
  8 hydras
  Erica (D:8)
  A centaur warrior (D:13)
  3 catoblepae (Lair:6)
  Erolcha (D:10)
  6 boulder beetles
  6 two-headed ogres
  A death knight (D:11)
  15 death yaks
  Urug (D:10)
  Sonja (D:13)
  Nergalle (D:11)
  3 skeletal warriors (D:14)
  An orc knight (D:9)
  2 orc sorcerers
  2 manticores (Lair:6)
  A will-o-the-wisp (Lair:6)
  3 cyclopes
  8 elephants
  7 black mambas
  A torpor snail (Lair:6)
  Joseph (D:10)
  Maurice (D:8)
  13 cane toads
  4 rime drakes
  An unseen horror (D:11)
  Maggie (D:8)
  15 komodo dragons
  3 meliai
  3 trolls
  A queen bee (shapeshifter) (D:15)
  A polar bear (Lair:2)
  11 blink frogs
  3 slime creatures
  A dream sheep (Lair:2)
  A meliai zombie (D:11)
  2 shadows
  2 wyverns
  A wraith (D:11)
  3 basilisks
  Grum (D:9)
  45 yaks
  3 vampire mosquitoes
  A steam dragon (D:6)
  3 wargs
  18 water moccasins
  2 acid dragons
  A swamp drake (Lair:6)
  9 orc warriors
  3 black bears
  An ice beast (D:5)
  8 ogres
  A centaur (D:11)
  22 wolves
  A kobold brigand (D:9)
  Blork the orc (D:6)
  4 gnoll sergeants
  21 bullfrogs
  A wyvern zombie (D:9)
  14 scorpions
  24 killer bees
  7 wights
  4 jellies
  A vampire bat (Orc:2)
  2 electric eels
  A howler monkey (D:5)
  4 human zombies (Ossuary)
  5 centaur zombies
  5 hounds
  A bullfrog skeleton (D:6)
  6 orc priests
  3 iguanas (D:4)
  Jessica (D:3)
  A centaur skeleton (D:7)
  2 gnoll shamans (D:9)
  6 scorpion zombies (Ossuary)
  11 orc wizards
  A hell rat (Lair:2)
  3 mummies (Ossuary)
  A howler monkey zombie (D:9)
  4 adders
  28 gnolls
  2 white imps (D:6)
  An ufetubus (D:6)
  8 worms
  32 orcs
  11 bats
  3 endoplasms
  7 giant cockroaches
  5 goblins
  19 hobgoblins
  5 jackals
  2 quokkas
  4 ball pythons
  5 frilled lizards
  3 gnoll zombies (Ossuary)
  2 goblin zombies (Ossuary)
  2 hobgoblin zombies (Ossuary)
  23 kobolds
  3 kobold zombies (Ossuary)
  An orc zombie (Ossuary)
  4 rats
566 creatures vanquished.

Vanquished Creatures (collateral kills)
  A hydra (Lair:2)
  7 death yaks (Lair:6)
  5 elephants
  A black mamba (Lair:2)
  A torpor snail (Lair:2)
  6 cane toads
  A rime drake (Lair:6)
  A komodo dragon (Lair:5)
  4 blink frogs
  A queen bee (Lair:5)
  A wyvern (Lair:2)
  16 yaks
  A basilisk (Lair:2)
  A wolf (Lair:6)
  2 bullfrogs
  7 killer bees (Lair:5)
  A vampire bat (Orc:2)
  2 orc priests (Orc:2)
  2 orcs
  3 bats (Orc:2)
64 creatures vanquished.

Vanquished Creatures (others)
  10 foxfires (Lair:6)
  22 fungi
  64 plants
96 creatures vanquished.

Grand Total: 726 creatures vanquished

Notes
Turn   | Place    | Note
-------+----------+-------------------------------------------
     0 | D:1      | Geeful the Demonspawn Necromancer began the quest for the
                  | Orb.
     0 | D:1      | Reached XP level 1. HP: 13/13 MP: 3/3
   302 | D:1      | Found a faded altar of an unknown god.
   556 | D:1      | Gained mutation: Spells you cast may paralyse adjacent
                  | enemies. [demonic ancestry]
   556 | D:1      | Reached XP level 2. HP: 18/20 MP: 3/5
  1548 | D:2      | Reached skill level 1 in Fighting
  1548 | D:2      | Gained mutation: You have sharp fingernails. [demonic
                  | ancestry]
  1548 | D:2      | Reached XP level 3. HP: 17/26 MP: 1/6
  1875 | D:2      | Reached skill level 5 in Necromancy
  2604 | D:3      | Reached XP level 4. HP: 26/32 MP: 1/7
  2756 | D:3      | Reached skill level 1 in Short Blades
  3099 | D:3      | Noticed Jessica
  3105 | D:3      | Killed Jessica
  3167 | D:3      | Found a hide-covered altar of Uskayaw.
  3347 | D:4      | Reached XP level 5. HP: 34/37 MP: 4/8
  3839 | D:4      | Reached XP level 6. HP: 29/44 MP: 4/10
  3843 | D:4      | Learned a level 3 spell: Vampiric Draining
  3848 | D:4      | Learned a level 4 spell: Animate Dead
  4373 | D:5      | Entered Level 5 of the Dungeon
  4379 | D:5      | Reached skill level 6 in Necromancy
  4697 | D:5      | Found a staircase to the Ecumenical Temple.
  4792 | Temple   | Entered the Ecumenical Temple
  4835 | Temple   | Became a worshipper of Kikubaaqudgha
  4916 | D:4      | Identified the +12 mace of Suicidal Tendencies {venom, rF+
                  | Int+3}
  4937 | D:4      | Reached XP level 7. HP: 44/51 MP: 11/11
  5045 | D:5      | Found a broken altar of Ashenzari.
  5060 | D:5      | Found Orea's Elemental Accessories.
  5741 | D:6      | Noticed Blork the orc
  5767 | D:6      | Killed Blork the orc
  6012 | D:6      | Reached skill level 7 in Necromancy
  6015 | D:6      | Gained mutation: You are partially covered in large bone
                  | plates. (SH +4) [demonic ancestry]
  6015 | D:6      | Reached XP level 8. HP: 40/58 MP: 13/13
  6127 | D:6      | Found a blossoming altar of Fedhas.
  6455 | D:6      | Found a snail-covered altar of Cheibriados.
  7280 | D:7      | Found a transporter.
  7280 | D:7      | Noticed lunatic's ghost (novice NaEn)
  7376 | D:7      | Found a sand-covered staircase.
  7385 | Ossuary  | Entered an ossuary
  7508 | Ossuary  | Reached * piety under Kikubaaqudgha
  7508 | Ossuary  | Received a gift from Kikubaaqudgha
  7511 | Ossuary  | Reached skill level 8 in Necromancy
  7514 | Ossuary  | Learned a level 2 spell: Sublimation of Blood
  7520 | Ossuary  | Learned a level 5 spell: Agony
  8300 | Ossuary  | Reached XP level 9. HP: 66/66 MP: 14/16
  8930 | D:7      | Reached skill level 1 in Maces & Flails
  8930 | D:7      | Reached skill level 5 in Spellcasting
  8930 | D:7      | Reached skill level 9 in Necromancy
  9399 | D:7      | Found a transporter.
  9437 | D:7      | Reached skill level 5 in Dodging
  9629 | D:7      | Reached skill level 5 in Fighting
 10060 | D:8      | Noticed a cyclops
 10082 | D:8      | Killed a cyclops
 10091 | D:8      | Reached ** piety under Kikubaaqudgha
 10873 | D:8      | Noticed Erica
 11137 | D:8      | Killed Erica
 11138 | D:8      | Reached skill level 10 in Necromancy
 11138 | D:8      | Reached XP level 10. HP: 46/76 MP: 7/18
 11324 | D:8      | Noticed Maurice
 11332 | D:8      | Killed Maurice
 11626 | D:8      | Identified the +0 robe of the Dwarven Hall {Regen+ Dex-4
                  | Stlth+}
 11688 | D:8      | Found a runed translucent gate.
 11688 | D:8      | Found a runed translucent gate.
 11688 | D:8      | Found a runed translucent gate.
 11689 | D:8      | Noticed RazingBull's ghost (novice MiBe)
 11689 | D:8      | Noticed yodipie's ghost (novice DsAK)
 11756 | D:9      | Noticed Grum
 11756 | D:9      | Noticed Maggie
 11824 | D:8      | Killed Maggie
 12340 | D:9      | Noticed Gastronok
 12340 | D:9      | Noticed a two-headed ogre
 12581 | D:8      | Reached skill level 11 in Necromancy
 12759 | D:9      | Killed Grum
 12934 | D:8      | Killed a two-headed ogre
 13343 | D:9      | Found Rilaymobu's Weapon Shoppe.
 13443 | D:9      | Found a staircase to the Orcish Mines.
 13455 | D:9      | Gained mutation: You are mostly covered in large bone
                  | plates. (SH +6) [demonic ancestry]
 13455 | D:9      | Reached XP level 11. HP: 69/83 MP: 21/21
 13547 | D:9      | Noticed a two-headed ogre
 13552 | D:9      | Killed a two-headed ogre
 13742 | D:9      | Found a radiant altar of Vehumet.
 13797 | D:9      | Found an ornate altar of the Wu Jian Council.
 14600 | Orc:1    | Entered Level 1 of the Orcish Mines
 14615 | Orc:1    | Noticed an orc knight
 14628 | D:9      | HP: 4/84 [orc knight (29)]
 14633 | D:9      | Killed an orc knight
 14990 | D:9      | Killed Gastronok
 14991 | D:9      | Reached skill level 12 in Necromancy
 15101 | D:10     | Entered Level 10 of the Dungeon
 15101 | D:10     | Noticed a two-headed ogre
 15103 | D:10     | Found Mynuoriler's Weapon Boutique.
 15108 | D:10     | Killed a two-headed ogre
 15262 | D:10     | Noticed a two-headed ogre
 15276 | D:10     | Killed a two-headed ogre
 15553 | D:10     | Noticed Joseph
 15562 | D:10     | Killed Joseph
 15693 | D:10     | Found a burning altar of Makhleb.
 15693 | D:10     | Noticed Urug
 15700 | D:10     | Killed Urug
 15770 | D:10     | Found a shadowy altar of Dithmenos.
 15865 | D:10     | Noticed Erolcha
 15874 | D:10     | Killed Erolcha
 16281 | D:11     | Noticed a death knight
 16285 | D:11     | Noticed a boulder beetle
 16454 | D:11     | Killed a death knight
 16455 | D:11     | Reached skill level 13 in Necromancy
 16455 | D:11     | Gained mutation: You are completely covered in large bone
                  | plates. (SH +8) [demonic ancestry]
 16455 | D:11     | Reached XP level 12. HP: 31/92 MP: 9/23
 16458 | D:11     | Killed a boulder beetle
 16754 | D:11     | Noticed Nergalle
 16761 | D:11     | Killed Nergalle
 16835 | D:11     | Found a staircase to the Lair.
 16887 | D:11     | Reached *** piety under Kikubaaqudgha
 16887 | D:11     | Received a gift from Kikubaaqudgha
 16893 | D:11     | Learned a level 4 spell: Dispel Undead
 17138 | D:11     | Learned a level 6 spell: Death Channel
 17193 | D:11     | Noticed Harold
 17202 | D:11     | Killed Harold
 17622 | D:11     | You are sucked into a shaft and drop 3 floors!
 17701 | D:13     | Found a flagged portal.
 17753 | Bailey   | Entered a bailey
 17982 | Bailey   | Reached **** piety under Kikubaaqudgha
 18205 | Bailey   | Acquired a +2 pair of boots of flying
 18245 | D:13     | You are sucked into a shaft and drop 2 floors!
 18245 | D:15     | Entered Level 15 of the Dungeon
 18335 | D:15     | Found an iron altar of Okawaru.
 18364 | D:15     | Noticed a tengu warrior
 18372 | D:15     | Noticed a tengu warrior
 18779 | D:13     | Noticed a centaur warrior
 18796 | D:14     | Reached skill level 5 in Maces & Flails
 19077 | D:13     | Noticed a boulder beetle
 19085 | D:13     | Killed a centaur warrior
 19090 | D:13     | Killed a boulder beetle
 19091 | D:13     | Reached skill level 14 in Necromancy
 19784 | D:12     | Noticed a two-headed ogre
 19788 | D:12     | Noticed Sonja
 19807 | D:12     | Noticed a boulder beetle
 19816 | D:13     | Killed a boulder beetle
 19841 | D:12     | Noticed a two-headed ogre
 19924 | D:13     | Killed Sonja
 19981 | D:12     | Killed a two-headed ogre
 20195 | D:12     | Killed a two-headed ogre
 20196 | D:12     | Gained mutation: You have very sharp fingernails. [demonic
                  | ancestry]
 20196 | D:12     | Reached XP level 13. HP: 101/101 MP: 19/25
 20261 | D:12     | Identified the +6 dagger "Wooth" {vorpal, Drain Int+2
                  | Dex+4}
 20574 | Lair:1   | Entered Level 1 of the Lair of Beasts
 22110 | Lair:2   | Reached ***** piety under Kikubaaqudgha
 22851 | Lair:2   | Found a hole to the Spider Nest.
 23604 | Lair:2   | Reached skill level 15 in Necromancy
 24230 | Lair:2   | Reached skill level 10 in Fighting
 25042 | Lair:3   | Found a staircase to the Shoals.
 26078 | Lair:4   | Reached XP level 14. HP: 82/110 MP: 6/27
 26567 | Lair:4   | You are sucked into a shaft and drop 2 floors!
 26567 | Lair:6   | Entered Level 6 of the Lair of Beasts
 27046 | Lair:5   | Reached skill level 10 in Spellcasting
 27433 | Lair:5   | You are sucked into a shaft and drop 1 floor!
 27471 | Lair:6   | Reached skill level 16 in Necromancy
 27857 | Lair:4   | Reached ****** piety under Kikubaaqudgha
 28033 | Lair:4   | Identified the ring "Vaghur" {+Blink Fly rCorr Dex+4}
 28046 | Lair:4   | Reached skill level 10 in Dodging
 28139 | Lair:4   | Got the Compendium of Virous Translocation
 29625 | Lair:5   | Found a runed translucent door.
 29629 | Lair:5   | Found a viscous altar of Jiyva.
 29631 | Lair:5   | Found a staircase to the Slime Pits.
 31647 | Lair:6   | Reached XP level 15. HP: 37/118 MP: 5/29
 32394 | Lair:6   | Reached skill level 17 in Necromancy
 33998 | Orc:2    | Entered Level 2 of the Orcish Mines
 33998 | Orc:2    | Found a staircase to the Elven Halls.
 34303 | Orc:2    | Paralysed by something for 6 turns
 34308 | Orc:2    | HP: 4/119 [two-headed ogre (10)]
 34308 | Orc:2    | Mangled by a deep troll

Illustrated notes

Levels and vault maps discovered:
D:1:      scummos_arrival_gate, layout_basic, basic_ecumenical_altar
D:2:      layout_basic, basic_altar
D:3:      layout_basic, nicolae_overflow_hidden_temple, uniq_jessica
D:4:      layout_basic, kennysheep_pointless_box, minmay_misc_feat_doors,
          skrybe_limestone_x, kennysheep_generic_room_7
D:5:      layout_basic, nicolae_ashenzari_skybound,
          minmay_temple_entry_drinking_statues, abandoned_shop,
          nicolae_elemental_shop
D:6:      layout_loops_corners, cheibriados_altar_1,
          mainiacjoe_overflow_catwalk, mainiacjoe_overflow_tiny_flanked,
          minmay_misc_feat_tower, uniq_blork_the_orc
D:7:      layout_gridville, gammafunk_ghost_smash, enter_ossuary_1,
          serial_rivers, chequers_serial_rivers_micro_e,
          chequers_serial_rivers_micro_c, chequers_serial_rivers_small_b,
          chequers_serial_rivers_micro_a, chequers_serial_rivers_large_a,
          chequers_serial_rivers_room_b
D:8:      layout_loops_corners, gammafunk_ghost_cemetery, minmay_fountain_box,
          uniq_maurice, uniq_erica
D:9:      layout_cave_pools, mainiacjoe_overflow_alcove_2,
          vehumet_altar_wand_db, david_orc_3, serial_gnoll_camp,
          gnoll_camp_mini_house, gnoll_camp_mini_shop, gnoll_camp_mini_hut,
          gnoll_camp_huts_basic, kennysheep_generic_room_9, uniq_grum,
          uniq_gastronok, uniq_maggie
D:10:     layout_irregular_city, mainiacjoe_overflow_concentric_impassable,
          lemuel_round_altar, serial_shops, nicolae_shop_waterfront,
          uniq_joseph, uniq_urug, uniq_erolcha
D:11:     layout_big_octagon, lair_entry_dummy, uniq_harold, uniq_nergalle
D:12:     layout_cave_pools, billiards_dpeg, uniq_sonja, uniq_nessos,
          uniq_fannar
D:13:     layout_irregular_city, enter_bailey_4
D:14:     layout_basic, david_vaults_4, roderic_serpentine_path,
          minmay_fractal_squares_diagonal_5
D:15:     grunt_enter_depths_snipers, layout_cave_pods, okawaru_trees_1
Temple:   nicolae_temple_god_jail
Lair:1:   layout_misc_corridors
Lair:2:   nzn_winding_woodlands_huge [nzn_winding_woodlands_5x15_sidewinder,
          nzn_winding_woodlands_5x15_pockets, nzn_winding_woodlands_5x15_twine,
          nzn_winding_woodlands_5x15_jagged, nzn_winding_woodlands_5x15_pool,
          nzn_winding_woodlands_5x15_longhouse,
          nzn_winding_woodlands_5x15_default, nzn_winding_woodlands_5x15_eye,
          nzn_winding_woodlands_5x15_split_checker,
          nzn_winding_woodlands_5x15_pathside_ponds,
          nzn_winding_woodlands_center_triple_pond,
          nzn_winding_woodlands_center_pierced_h,
          nzn_winding_woodlands_15x15_killbox], layout_regular_city,
          nicolae_spider_entry_non_spiders, beast_lair_carwin_2,
          infiniplex_staircase_pool_2
Lair:3:   layout_hall_layers, shoals_dummy_entry
Lair:4:   layout_roguey, nzn_random_ring, grunt_megastairs_3
Lair:5:   layout_roguey [special_room_bee], slime_altar_2, grunt_megastairs_4
Lair:6:   evilmike_catoblepas_cave, layout_cave_pods, serial_bayou_pond_c, pond,
          serial_bayou_shore_b, grunt_megastairs_1, lemuel_fruit_tree
Orc:1:    layout_diamond_mine, minmay_orc_temple_b
Orc:2:    st_orc_open, layout_caves, serial_shops, shop, basic_altar,
          roderic_batcave, uniq_snorg, uniq_rupert, uniq_azrael

Skill      XL: |  1  2  3  4  5  6  7  8  9 10 11 12 13 14 15 |
---------------+----------------------------------------------+-----
Dodging        | 2 3 4 5 6 7 8 9 10 | 10.7
Fighting       | 1 2 3 4 5 6 8 9 10 11 | 11.4
Necromancy     | 5 6 7 8 10 11 13 14 15 16 17 | 17.2
Stealth        | 2 3 4 |  4.0
Short Blades   | 1 2 3 |  3.3
Spellcasting   | 3 4 5 6 7 8 9 10 | 10.9
Maces & Flails | 3 4 5 7 8 |  8.7

Action                   |  1- 3 |  4- 6 |  7- 9 | 10-12 | 13-15 || total
-------------------------+-------+-------+-------+-------+-------++-------
Melee: Dagger            |    37 |       |       |       |       ||    37
       Short sword       |     3 |    96 |       |       |       ||    99
       Mace              |       |     2 |   243 |   433 |   774 ||  1452
Throw: Stone             |    13 |       |       |       |       ||    13
       Dart              |    13 |     2 |    47 |    37 |    30 ||   129
 Cast: Pain              |    68 |    33 |    40 |    16 |     6 ||   163
       Agony             |       |       |     7 |    63 |   155 ||   225
       Animate Dead      |       |       |     2 |     1 |       ||     3
       Sublimation of Bl |       |       |       |     1 |       ||     1
       Dispel Undead     |       |       |       |    10 |       ||    10
       Death Channel     |       |       |       |     1 |    22 ||    23
Invok: Receive Corpses   |       |       |     4 |       |       ||     4
Evoke: Wand              |       |       |     4 |     1 |     5 ||    10
  Use: Scroll            |     7 |     2 |    10 |     5 |    10 ||    34
       Potion            |       |     1 |     6 |     2 |     6 ||    15
 Stab: Sleeping          |     3 |     5 |     4 |     6 |    17 ||    35
       Paralysed         |     1 |     9 |    11 |    65 |   203 ||   289
       Distracted        |       |       |     1 |     1 |    13 ||    15
Armor: Robe              |    17 |    15 |    31 |   126 |   227 ||   416
Dodge: Dodged            |    26 |    51 |   123 |   297 |   599 ||  1096
Block: Other             |       |     4 |   105 |   297 |   647 ||  1053
       Reflection        |       |       |       |    14 |     3 ||    17

Table legend: (Time is in decaauts)
 A = Elapsed time spent in this place.
 B = Non-inter-level travel time spent in this place.
 C = Inter-level travel time spent in this place.
 D = Time resting spent in this place.
 E = Time spent auto-exploring this place.
 F = Levels seen in this place.
 G = Mean time per level.
                   A        B        C        D        E       F      G
               +--------+--------+--------+--------+--------+-----+--------+
         Total |  34557 |  33799 |    758 |   8618 |  17639 |  26 | 1329.1 |
       Dungeon |  18727 |  18313 |    414 |   4443 |   9592 |  15 | 1248.5 |
        Temple |     60 |     43 |     17 |      0 |     37 |   1 |   60.0 |
          Lair |  13096 |  12783 |    313 |   3011 |   7562 |   6 | 2182.7 |
  Orcish Mines |    653 |    640 |     13 |    214 |    234 |   2 |  326.5 |
       Ossuary |   1541 |   1541 |      0 |    842 |      0 |   1 | 1541.0 |
        Bailey |    478 |    478 |      0 |    108 |    214 |   1 |  478.0 |
               +--------+--------+--------+--------+--------+-----+--------+

Top non-repeatable levels by time:
  Lair:6: 3985 daAuts
  Lair:2: 3811 daAuts
     D:8: 2837 daAuts
     D:9: 2246 daAuts
  Lair:4: 2240 daAuts
     D:6: 1728 daAuts
  Lair:5: 1614 daAuts
    D:11: 1561 daAuts
 Ossuary: 1541 daAuts
     D:1: 1478 daAuts
     D:7: 1401 daAuts
    D:10: 1327 daAuts
     D:4: 1188 daAuts
    D:13: 1111 daAuts
     D:2: 984 daAuts
